cohdb
Replays
Latest Replays
All Replays
Popular Replays
Top Player Replays
Match Explorer
How It Works
Community
CoH3 Stats
Reddit
Sign in to upload your games and track your stats! →
Sign in with Steam
Match 44894641
Unlisted
Match 44894641
Overview
Messages
Build Orders
End
Construct Section Command Post
Selects Air and Sea Battlegroup
Dingo Light Scout Car
Dingo Light Scout Car
Vickers Machine Gun Team
Construct Platoon Command Post
Selects Supply Surplus
Construct Resource Cache
Construct Resource Cache
Unlock M3 Stuart Light Tanks
M3 Stuart Light Tank
Construct Resource Cache
Selects UNKNOWN (223837)
M3 Stuart Light Tank
Construct Resource Cache
Construct Resource Cache
Construct Resource Cache
M3 Stuart Light Tank
Construct Company Command Post
Foot Guards Section
Unlock Bishop Self-propelled Artillery
Selects Assault Flares
Foot Guards Section
Construct Field Infirmary
Selects Commando Section Paradrop
Selects M1 Pack Howitzer Paradrop
Foot Guards Section
Infantry Training
Assault Flares
Foot Guards Section
Jm200092
badger2
WaterBoy
冲锋大哥
仙台葉月@宮城のけち
Victor #52
Jeremy
JT
0
0
Comments
sign in to comment!
No comments posted yet!